AoeStats
← Leão

Marketplace

505339963Analyzed
1v1 RM · 23d ago on Sep 8, 2026· 41m 22s· 2 players
Game mode
Random Map
Map size
Tiny (2 player)
Population
200
Speed
Normal
Resources
Standard
Victory
Conquest
Starting age
Dark Age
Ending age
Imperial Age
RankedLock teamsTeams togetherTeam positionsShared explorationLock speedFull tech treeHidden civsTurbo modeCheats
Victory
Defeat
🇨🇦 Spanish · Canada
1307
+15
🇧🇷 Magyars · Brazil
1293
-15
Leão
7:30 Loom
10:19 Feudal Age
10:37 Man-at-Arms
15:24 Double-Bit Axe
18:41 Fletching
22:00 Castle Age
20:44 Padded Archer Armor
22:30 Gold Mining
22:48 Bodkin Arrow
25:02 Pikeman
26:29 Bow Saw
27:42 Leather Archer Armor
31:05 Scale Mail Armor
33:23 Chain Mail Armor
34:45 Wheelbarrow
37:20 Ballistics
37:52 Gold Shaft Mining
38:07 Town Watch
38:38 Hand Cart
38:59 Thumb Ring
StadL
10:23 Feudal Age
10:32 Loom
10:55 Double-Bit Axe
11:53 Horse Collar
15:59 Wheelbarrow
18:49 Castle Age
17:39 Scale Barding Armor
18:19 Forging
18:43 Bloodlines
26:26 Bloodlines
27:42 Iron Casting
29:10 Chain Barding Armor
29:45 Hand Cart
31:11 Husbandry
32:38 Bow Saw
32:11 Horse Collar
37:05 Imperial Age
34:31 Gold Mining
35:00 Heavy Plow
35:25 Padded Archer Armor
35:22 Stone Mining
35:42 Town Watch
37:01 Leather Archer Armor
36:37 Fletching
38:11 Conscription
37:23 Cavalier
39:14 Chemistry
38:29 Elite Conquistador
40:36 Plate Barding Armor
Connection lost

Rejoining the realm…

Still unreachable

The connection could not be restored.

Session expired

The server has moved on; the page needs a fresh start.